 Dungeon Crawl Stone Soup version 0.20-a0-848-g73d9be0 (webtiles) character file.

96 Alarkh the Skirmisher (level 4, -12/35 HPs)
             Began as a Demonspawn Fighter on Mar 9, 2017.
             Mangled by an orc warrior
             ... wielding a +0 dire flail
              (23 damage)
             ... on level 3 of the Dungeon.
             The game lasted 00:01:28 (2376 turns).

Alarkh the Skirmisher (Demonspawn Fighter)          Turns: 2376, Time: 00:01:29

Health: -12/35     AC:  6    Str: 21    XL:     4   Next: 41%
Magic:  4/4        EV:  7    Int: 11    God:
Gold:   67         SH:  9    Dex: 12    Spells: 3/3 levels left

rFire    + . .     SeeInvis .   a - +0 long sword
rCold    . . .     Gourm    .   b - +0 scale mail
rNeg     . . .     Faith    .   c - +0 shield
rPois    .         Spirit   .   (no helmet)
rElec    .         Reflect  .   (no cloak)
rCorr    .         Harm     .   (no gloves)
MR       .....                  (no boots)
Stlth    ..........             (no amulet)
Regen    0.2/turn               (no ring)
MPRegen  0.1/turn               (no ring)

@: mighty
A: talons 1, fire resistance 1
a: no special abilities


You were on level 3 of the Dungeon.
You were not hungry.

You visited 1 branch of the dungeon, and saw 3 of its levels.

You collected 67 gold pieces.

Inventory:

Hand Weapons
 a - a +0 long sword (weapon)
Armour
 b - a +0 scale mail (worn)
 c - a +0 shield (worn)
Scrolls
 e - a scroll of fear {unknown}
 h - a scroll of remove curse {unknown}
 i - 2 scrolls of identify {unknown}
 j - a scroll of fog {unknown}
 k - 2 scrolls of enchant armour {unknown}
 l - a scroll of magic mapping {unknown}
Comestibles
 f - 2 bread rations


   Skills:
 + Level 3.5 Fighting
 * Level 2.7 Long Blades
 + Level 3.2 Armour
 + Level 0.6 Dodging
 + Level 3.2 Shields


You had 3 spell levels left.
You didn't know any spells.

Dungeon Overview and Level Annotations

Branches:
Dungeon (3/15)

Altars:


Innate Abilities, Weirdness & Mutations

You have sharp toenails.
Your flesh is heat resistant. (rF+)


Message History

A rat comes into view.
You hit the orc warrior but do no damage.
You claw the orc warrior, but do no damage.
You block the orc warrior's attack.
You closely miss the orc warrior.
You claw the orc warrior, but do no damage.
The orc warrior hits you with a dire flail. x2
You closely miss the orc warrior. Your kick misses the orc warrior.
The orc warrior hits you with a dire flail!
You are too injured to fight recklessly!
You are too injured to fight recklessly!
You are too injured to fight recklessly!
You are too injured to fight recklessly!
You are too injured to fight recklessly!
You are too injured to fight recklessly!
You are too injured to fight recklessly!
You feel very mighty all of a sudden.
The orc warrior hits you with a dire flail!!
Ouch! That really hurt!
You die... #..######### .. #........... ... ###.##....... .... #.........### ..# #.#.....#.# ro#

#.#.....#.# #o#
#.#.###.#.#
+#o#####.#.....#.#
#.#@...#.#####.#.#
#.......>.....#.# #
#.#..........###.###
#.#.###....#.......##
#.#.#.......#...######
#.#.#.###..#.#........#
#.#.#.####..#.#........#
.#.#..........#.#..##..#
.#.#......)............


You could see an orc warrior, 2 orcs and a rat.

Vanquished Creatures
  4 adders
  2 worms (D:2)
  3 dart slugs (D:1)
  3 leopard geckos (D:1)
  2 orcs (D:3)
  2 giant cockroaches
  6 hobgoblins
  5 kobolds
  A quokka (D:2)
  A ball python (D:1)
  6 bats
  6 frilled lizards
  A goblin (D:2)
  8 rats
50 creatures vanquished.

Notes
Turn   | Place    | Note
-------+----------+-------------------------------------------
     0 | D:1      | Alarkh the Demonspawn Fighter began the quest for the Orb.
     0 | D:1      | Reached XP level 1. HP: 18/18 MP: 1/1
   248 | D:1      | Gained mutation: Your flesh is heat resistant. (rF+) [demonic ancestry]
   248 | D:1      | Reached XP level 2. HP: 20/24 MP: 2/2
  1109 | D:1      | Gained mutation: You have sharp toenails. [demonic ancestry]
  1109 | D:1      | Reached XP level 3. HP: 29/29 MP: 3/3
  1909 | D:2      | Reached XP level 4. HP: 29/35 MP: 4/4
  2368 | D:3      | Noticed an orc warrior
  2376 | D:3      | Mangled by an orc warrior

Vault maps used:
D:1:      sevenhm_arrival_forest_fort_large_4
D:2:      first_bread

Skill      XL: |  1  2  3 |
---------------+----------+-----
Long Blades    | 2 |  2.7
Shields        | 3 |  3.2
Armour         | 3 |  3.2
Fighting       | |  3.5
Dodging        | |  0.6

Action                   |  1- 3 |  4- 6 || total
-------------------------+-------+-------++-------
Melee: Long sword        |   153 |    38 ||   191
       Kick              |    13 |    11 ||    24
  Use: Potion            |       |     1 ||     1
 Stab: Distracted        |     1 |       ||     1
  Eat: Chunk             |     3 |     2 ||     5
Armor: Scale mail        |    66 |    21 ||    87
Dodge: Dodged            |    43 |    10 ||    53
Block: Shield            |    67 |    18 ||    85
       Rpst.: Long sword |    13 |     5 ||    18
